[Event "Titled Tuesday Blitz February 22 Late 2022"]
[White "Sjugirov, Sanan"]
[Black "Martirosyan, Haik M."]
[WhiteFideId "4189302"]
[BlackFideId "13306553"]
[WhiteElo "2602"]
[BlackElo "2735"]
[Result "1-0"]
[Round "10"]
[TimeControl "180+1"]
[Date "2022.02.22"]
[WhiteClock "0:00:11"]
[BlackClock "0:00:11"]

1. d4 Nf6 2. c4 e6 3. Nf3 b6 4. g3 Ba6 5. b3 Bb4+ 6. Bd2 Be7 7. Bg2 d5 8. cxd5 exd5 9. Nc3 O-O 10. O-O Re8 11. Rc1 Nbd7 12. Rc2 Bb7 13. Ne5 c6 14. Bc1 Bd6 15. f4 Bb4 16. Bb2 Rc8 17. e3 Bxc3 18. Bxc3 Ne4 19. Bxe4 dxe4 20. Nxd7 Qxd7 21. f5 f6 22. g4 Ba6 23. Rf4 c5 24. Rg2 cxd4 25. Bxd4 Rc6 26. g5 Rec8 27. Qg4 Rc1+ 28. Kf2 Rf1+ 29. Kg3 Rf3+ 30. Kh4 Bf1 31. Rg3 Be2 32. gxf6 Rc7 33. Qxg7+ Qxg7 34. Rxg7+ Rxg7 35. fxg7 Rxf4+ 36. exf4 Kf7 37. f6 Bd3 38. Kg5 e3 39. Bxe3 Bb1 40. a3 a5 41. Bxb6 Bc2 42. Bxa5 Bxb3 43. Bb4 Kg8 44. Be7 Kf7 45. Kf5 h5 46. Ke5 h4 47. Kd4 h3 48. Kc5 Be6 49. a4 Bg4 50. a5 Be2 51. Kb6 Bc4 52. a6 Bd5 53. a7 Kg8 54. Kc7 Kf7 55. Kb8 Kg8 56. a8=Q Bxa8 57. Kxa8 Kf7 58. Kb7 Kg8 59. Kc6 Kf7 1-0


[Site "https://www.chess.com"]

[Event "Titled Tuesday Blitz February 22 Late 2022"]
[White "Svane, Rasmus"]
[Black "Andreikin, Dmitry"]
[WhiteFideId "4657101"]
[BlackFideId "4158814"]
[WhiteElo "2645"]
[BlackElo "2736"]
[Result "1-0"]
[Round "10"]
[TimeControl "180+1"]
[Date "2022.02.22"]
[WhiteClock "0:00:05"]
[BlackClock "0:00:01"]

1. Nf3 Nf6 2. g3 d5 3. Bg2 h5 4. c4 d4 5. d3 h4 6. Nxh4 Nc6 7. Nf3 Bh3 8. Bxh3 Rxh3 9. b4 Nxb4 10. Qa4+ Nc6 11. Bb2 e5 12. Nxe5 Bb4+ 13. Kf1 Qd6 14. Nxc6 bxc6 15. Kg2 Rh5 16. a3 Ba5 17. Qd1 c5 18. e4 dxe3 19. fxe3 Qe6 20. Bxf6 Qh3+ 21. Kg1 gxf6 22. Qa4+ Kf8 23. Qxa5 Rb8 24. Qd2 Rf5 25. Nc3 Rf3 26. Nd5 f5 27. Nf4 Rxg3+ 28. hxg3 Qxg3+ 29. Ng2 f4 30. Qf2 Qg7 31. Rf1 fxe3 32. Qxe3 Rb2 33. Rh2 Ra2 34. Qxc5+ 1-0


[Site "https://www.chess.com"]

[Event "Titled Tuesday Blitz February 22 Late 2022"]
[White "Tanenbaum, Zachary"]
[Black "Mogranzini, Roberto"]
[WhiteFideId "2060850"]
[BlackFideId "810894"]
[WhiteElo "2683"]
[BlackElo "2448"]
[Result "1-0"]
[Round "10"]
[TimeControl "180+1"]
[Date "2022.02.23"]
[WhiteClock "0:00:02"]
[BlackClock "0:00:16"]

1. e4 d6 2. d4 Nf6 3. Nc3 e5 4. Nf3 exd4 5. Nxd4 Be7 6. Bc4 O-O 7. Bb3 Nbd7 8. O-O Nc5 9. Qe2 Re8 10. f3 c6 11. Be3 Bf8 12. Qf2 a5 13. a4 Qb6 14. Nce2 Nxb3 15. Nxb3 Qa6 16. Ng3 d5 17. Bd4 Be7 18. e5 Nd7 19. Nf5 Bf8 20. Qg3 g6 21. Rae1 c5 22. Bc3 d4 23. Bd2 Qe6 24. Nd6 b6 25. Nxe8 Qxe8 26. f4 Bg7 27. f5 Nxe5 28. f6 Bf8 29. Rxe5 Qxa4 30. Rfe1 Bb7 31. Qh3 Qc6 32. Nc1 c4 33. Ne2 c3 34. bxc3 a4 35. Nxd4 Qc4 36. Re8 a3 37. Qh6 Qc5 38. Qg7# 1-0


[Site "https://www.chess.com"]

[Event "Titled Tuesday Blitz February 22 Late 2022"]
[White "Tari, Aryan"]
[Black "Iskusnyh, Sergei"]
[WhiteFideId "1510045"]
[BlackFideId "4120027"]
[WhiteElo "2567"]
[BlackElo "2492"]
[Result "1-0"]
[Round "10"]
[TimeControl "180+1"]
[Date "2022.02.22"]
[WhiteClock "0:00:04"]
[BlackClock "0:00:03"]

1. Nf3 d5 2. g3 Nf6 3. Bg2 c6 4. O-O Bf5 5. d3 e6 6. Nbd2 h6 7. Qe1 Be7 8. e4 Bh7 9. h3 O-O 10. b3 a5 11. a3 c5 12. Ne5 dxe4 13. Bb2 exd3 14. cxd3 Qc7 15. Rc1 Nbd7 16. Ndc4 Nxe5 17. Bxe5 Qd8 18. Bxb7 Rb8 19. Bxb8 Qxb8 20. Bf3 Bxd3 21. Be2 Bf5 22. Qxa5 Bxh3 23. Rfd1 Nd5 24. Nd2 Ne3 25. Re1 Nf5 26. Bf1 Bxf1 27. Nxf1 Nd4 28. Nd2 Bg5 29. f4 Bxf4 30. gxf4 Qxf4 31. Qc3 Rd8 32. Qe3 Qg4+ 33. Kf2 Rd5 34. Rg1 Rf5+ 35. Ke1 Qh4+ 36. Kd1 Qh5+ 37. Ke1 Re5 38. Ne4 Nf3+ 39. Kf2 Nxg1 40. Rxg1 Qh4+ 41. Qg3 1-0


[Site "https://www.chess.com"]

[Event "Titled Tuesday Blitz February 22 Late 2022"]
[White "Terry, Renato"]
[Black "Paravyan, David"]
[WhiteFideId "3803457"]
[BlackFideId "4194985"]
[WhiteElo "2577"]
[BlackElo "2569"]
[Result "1-0"]
[Round "10"]
[TimeControl "180+1"]
[Date "2022.02.22"]
[WhiteClock "0:00:12"]
[BlackClock "0:00:07"]

1. b3 e5 2. Bb2 Nc6 3. e3 Nf6 4. Bb5 Qe7 5. Ne2 a6 6. Bxc6 dxc6 7. d3 h5 8. h3 h4 9. Nd2 Rh6 10. Nc3 Bf5 11. Qf3 Bg6 12. Qe2 O-O-O 13. O-O-O Bh5 14. f3 Qe8 15. e4 Bg6 16. Qf2 Kb8 17. Nc4 Nd7 18. Ne2 c5 19. f4 exf4 20. Nxf4 Bh7 21. Rhf1 Nb6 22. Nxb6 cxb6 23. Rde1 Ka7 24. Nd5 f6 25. Kb1 Bd6 26. a4 Bg3 27. Qg1 Bxe1 28. Rxe1 Qc6 29. Ne3 Rh5 30. Qf2 Bg6 31. Nd5 Rhxd5 32. exd5 Qxd5 33. Re7 Rd7 34. Rxd7 Qxd7 35. Qxh4 a5 36. Qf2 Bf5 37. Bc3 Qd5 38. Kb2 Be6 39. Qg3 Qd7 40. Qf4 Bd5 41. g4 Be6 42. Qf2 Qd5 43. Qg3 Qd7 44. Qf4 Ka6 45. Qb8 Qc8 46. Qd6 Qd7 47. Qf8 Ka7 48. Kc1 Bd5 49. Bd2 Qc7 50. h4 Qe5 51. Kb1 Qc7 52. g5 fxg5 53. hxg5 b5 54. axb5 b6 55. Bf4 Qb7 56. g6 Bf3 57. Bb8+ Qxb8 58. Qxf3 Qe5 59. Qc6 Qe7 60. Qd5 Qe1+ 61. Kb2 Qe7 62. Qf7 Qb7 63. Kc3 Kb8 64. Qxb7+ Kxb7 65. Kc4 Kc7 66. Kd5 Kd7 67. c3 Kc7 68. d4 cxd4 69. cxd4 Kd7 70. Ke5 Ke7 71. d5 Kd7 72. d6 Kd8 73. Ke6 Ke8 74. d7+ Kd8 75. Kf7 Kxd7 76. Kxg7 1-0


[Site "https://www.chess.com"]

[Event "Titled Tuesday Blitz February 22 Late 2022"]
[White "Thomas, Anysia"]
[Black "Mickiewicz, Piotr"]
[WhiteFideId "670472"]
[BlackFideId "1114891"]
[WhiteElo "2002"]
[BlackElo "2266"]
[Result "0-1"]
[Round "10"]
[TimeControl "180+1"]
[Date "2022.02.23"]
[WhiteClock "0:00:03"]
[BlackClock "0:00:36"]

1. d4 e6 2. c4 Bb4+ 3. Nd2 a5 4. e4 d6 5. Bd3 e5 6. Nf3 Qe7 7. O-O Bxd2 8. Bxd2 Nf6 9. Bg5 h6 10. Bh4 g5 11. dxe5 dxe5 12. Bg3 Nc6 13. c5 Bg4 14. Qb3 Bxf3 15. gxf3 O-O 16. a3 Nd4 17. Qd1 Rfd8 18. Kg2 Qxc5 19. Rc1 Qe7 20. Qa4 c6 21. Qc4 b5 22. Qc3 Nd7 23. Bb1 a4 24. Rfe1 Kg7 25. Rcd1 f6 26. Rh1 Nc5 27. h4 Nce6 28. hxg5 hxg5 29. Rh2 Rh8 30. Rdh1 Rxh2+ 31. Rxh2 Rh8 32. Ba2 Rxh2+ 33. Bxh2 Qc5 34. Qe1 Qc2 35. Qb4 Qc5 36. Qxb5 cxb5 0-1


[Site "https://www.chess.com"]

[Event "Titled Tuesday Blitz February 22 Late 2022"]
[White "Timofeev, Artyom"]
[Black "Hjartarson, Johann"]
[WhiteFideId "4140419"]
[BlackFideId "2300044"]
[WhiteElo "2583"]
[BlackElo "2484"]
[Result "1-0"]
[Round "10"]
[TimeControl "180+1"]
[Date "2022.02.22"]
[WhiteClock "0:00:09"]
[BlackClock "0:00:03"]

1. d4 Nf6 2. c4 e6 3. Nc3 Bb4 4. e3 O-O 5. Bd3 d5 6. Nf3 c5 7. cxd5 Nxd5 8. Bd2 cxd4 9. Nxd4 Nxc3 10. Bxc3 Bxc3+ 11. bxc3 Nd7 12. O-O Nc5 13. Bxh7+ Kxh7 14. Qh5+ Kg8 15. Qxc5 b6 16. Qh5 Ba6 17. Rfc1 Rc8 18. a4 Rc5 19. Qf3 Qc7 20. h4 Rxc3 21. Rd1 Rc8 22. h5 Qe5 23. Qg4 Qf6 24. a5 Bc4 25. axb6 axb6 26. Rab1 Bd5 27. Rxb6 Rc1 28. Rb1 Rxd1+ 29. Rxd1 Ra8 30. Ne2 Ra2 31. Rf1 Kh7 32. Nf4 Be4 33. Qd1 e5 34. Ne2 Qc6 35. f3 Bc2 36. Qd2 Qc4 37. Nc3 Rb2 38. Rc1 Qd3 39. Qxd3+ Bxd3 40. Nd5 Kh6 41. Rc7 f6 42. e4 Ba6 43. Ne3 1-0


[Site "https://www.chess.com"]

[Event "Titled Tuesday Blitz February 22 Late 2022"]
[White "Tregubov, Pavel V."]
[Black "Ibarra Jerez, Jose Carlos"]
[WhiteFideId "4115341"]
[BlackFideId "2226332"]
[WhiteElo "2341"]
[BlackElo "2626"]
[Result "0-1"]
[Round "10"]
[TimeControl "180+1"]
[Date "2022.02.22"]
[WhiteClock "0:00:13"]
[BlackClock "0:01:08"]

1. e4 e6 2. d4 d5 3. exd5 exd5 4. Nf3 Nc6 5. h3 Bd6 6. Bd3 Nge7 7. O-O Nb4 8. Bb5+ c6 9. Be2 Bf5 10. Na3 a5 11. c3 Na6 12. Nc2 h6 13. Ne3 Bh7 14. Bd3 Bxd3 15. Qxd3 O-O 16. Ng4 Ng6 17. Re1 Nc7 18. Nfe5 Bxe5 19. Nxe5 Nxe5 20. dxe5 Qh4 21. Qf5 Ne6 22. g3 Qe7 23. Be3 a4 24. Rad1 Rae8 25. c4 dxc4 26. Qg4 b5 27. Bxh6 f5 28. exf6 Qxf6 29. Be3 Qxb2 30. Rd7 Qf6 31. Rd6 Qe5 32. Rxc6 Nd4 33. Bxd4 Qxe1+ 34. Kg2 Qe4+ 35. Qxe4 Rxe4 36. Bc3 Re2 37. Bd4 Rxa2 38. Rc7 Rf7 39. Rc8+ Kh7 0-1


[Site "https://www.chess.com"]

[Event "Titled Tuesday Blitz February 22 Late 2022"]
[White "Van den Dikkenberg, Erik"]
[Black "Elissalt Cardenas, Hector"]
[WhiteFideId "1005880"]
[BlackFideId "3500632"]
[WhiteElo "2118"]
[BlackElo "2159"]
[Result "0-1"]
[Round "10"]
[TimeControl "180+1"]
[Date "2022.02.23"]
[WhiteClock "0:00:53"]
[BlackClock "0:00:52"]

1. e4 d6 2. d4 Nf6 3. Nc3 e5 4. Nf3 Nbd7 5. Rg1 g6 6. g4 Bg7 7. g5 Nh5 8. d5 O-O 9. Be2 Nf4 10. Bxf4 exf4 11. Qd2 Nc5 12. Qxf4 Qe7 13. Bd3 Bd7 14. O-O-O f5 15. exf5 Bxf5 16. Bxf5 Rxf5 17. Qg3 Raf8 18. Nd4 Rxf2 19. Ne6 Nxe6 20. dxe6 Qxe6 21. Nd5 c6 22. Nf6+ Bxf6 23. gxf6 R8xf6 24. Rge1 Qxa2 25. Re8+ Kf7 0-1


[Site "https://www.chess.com"]

[Event "Titled Tuesday Blitz February 22 Late 2022"]
[White "Vlassov, Nikolai"]
[Black "Kopczynski, Michal"]
[WhiteFideId "4103360"]
[BlackFideId "1124200"]
[WhiteElo "2407"]
[BlackElo "2235"]
[Result "1-0"]
[Round "10"]
[TimeControl "180+1"]
[Date "2022.02.23"]
[WhiteClock "0:01:52"]
[BlackClock "0:02:15"]

1. e4 c5 2. c3 d5 3. exd5 Qxd5 4. d4 cxd4 5. cxd4 Nc6 6. Nf3 Bg4 7. Nc3 Bxf3 8. gxf3 Qxd4 9. Qxd4 Nxd4 10. Nb5 O-O-O 11. Nxd4 Rxd4 12. Be3 Rb4 13. Bxa7 Rxb2 14. Bd3 e5 15. Bf5+ Kd8 16. O-O-O+ 1-0


[Site "https://www.chess.com"]

[Event "Titled Tuesday Blitz February 22 Late 2022"]
[White "Vusatiuk, Vladimir"]
[Black "Golubenko, Valentina"]
[WhiteFideId "14118610"]
[BlackFideId "4501993"]
[WhiteElo "2157"]
[BlackElo "2164"]
[Result "1-0"]
[Round "10"]
[TimeControl "180+1"]
[Date "2022.02.23"]
[WhiteClock "0:00:15"]
[BlackClock "0:00:01"]

1. Nf3 Nf6 2. h4 h5 3. a4 d5 4. a5 Nc6 5. e3 e5 6. a6 b6 7. Bb5 Bd7 8. Bxc6 Bxc6 9. Nxe5 Bd7 10. Nxd7 Qxd7 11. d3 Bd6 12. Nd2 O-O 13. Nf3 c5 14. b3 Rfe8 15. Bb2 d4 16. e4 Ng4 17. O-O Qc7 18. Bc1 Re6 19. Ng5 Be7 20. g3 Rg6 21. Kg2 f6 22. Ne6 Qd6 23. Nf4 Rh6 24. Nxh5 Rg6 25. Nf4 Rh6 26. Nd5 Rg6 27. h5 Nxf2 28. Qf3 Rg4 29. Rxf2 Qe6 30. Nxe7+ Kf7 31. Nf5 Rg5 32. Bxg5 1-0


[Site "https://www.chess.com"]

[Event "Titled Tuesday Blitz February 22 Late 2022"]
[White "Warakomska, Anna"]
[Black "Curtis, John"]
[WhiteFideId "1130790"]
[BlackFideId "3200256"]
[WhiteElo "2062"]
[BlackElo "2203"]
[Result "1-0"]
[Round "10"]
[TimeControl "180+1"]
[Date "2022.02.23"]
[WhiteClock "0:00:13"]
[BlackClock "0:00:03"]

1. e4 g6 2. d4 Bg7 3. Nc3 d6 4. Be3 Nc6 5. Qd2 e5 6. Nf3 Bg4 7. d5 Nce7 8. Bb5+ Bd7 9. Bxd7+ Qxd7 10. O-O-O a6 11. h4 Nf6 12. Nh2 h5 13. f3 b5 14. Rhg1 b4 15. Ne2 a5 16. Bg5 Qa4 17. Kb1 Nd7 18. g4 Nc5 19. gxh5 Rxh5 20. Ng4 Qb5 21. Nf6+ Bxf6 22. Bxf6 Ng8 23. Bg5 a4 24. Ng3 b3 25. cxb3 axb3 26. a3 Rh7 27. h5 Rg7 28. hxg6 fxg6 29. Be3 Na4 30. Nf5 Rh7 31. Rxg6 Ne7 32. Nxe7 Kxe7 33. Qg2 Kd7 34. Qg4+ Ke7 35. Qe6+ Kf8 36. Rg8# 1-0


[Site "https://www.chess.com"]

[Event "Titled Tuesday Blitz February 22 Late 2022"]
[White "Willathgamuwa, Kevin"]
[Black "Sliwicki, Damian"]
[WhiteFideId "3214168"]
[BlackFideId "1127128"]
[WhiteElo "1943"]
[BlackElo "2084"]
[Result "1-0"]
[Round "10"]
[TimeControl "180+1"]
[Date "2022.02.23"]
[WhiteClock "0:00:18"]
[BlackClock "0:00:16"]

1. e4 d5 2. Nc3 dxe4 3. Nxe4 e5 4. Nf3 Nc6 5. Bb5 Bd7 6. O-O Nf6 7. Qe2 Be7 8. Nxf6+ Bxf6 9. Bxc6 Bxc6 10. Nxe5 O-O 11. Nxc6 bxc6 12. c3 c5 13. d3 Rb8 14. Be3 Qd5 15. Rfd1 Rfe8 16. Rd2 h6 17. Qg4 Re6 18. Qc4 Qh5 19. Qxc5 Be5 20. f4 Rbe8 21. Bf2 Bd4 22. Qxd4 Qg4 23. Rf1 Rg6 24. Bg3 h5 25. f5 Qxd4+ 26. cxd4 Rf6 27. Bxc7 Rc8 28. Be5 Rfc6 29. d5 Rc5 30. Bc3 Rxd5 31. f6 g6 32. Re1 Rcd8 33. Re5 R5d6 34. Re7 a6 35. d4 Kf8 36. Rf2 a5 37. Ra7 Rd5 38. Rxa5 R5d7 39. Bb4+ Kg8 40. Be7 Rc8 41. Bc5 Rd5 42. Re2 Rf5 43. Ra7 Rb8 44. Rae7 Rd5 45. Re8+ Rxe8 46. Rxe8+ Kh7 47. Bf8 g5 48. Bg7 Kg6 49. Rh8 Kf5 50. Rh6 Kg4 51. h3+ Kg3 52. Rxh5 Rxd4 53. Rxg5+ Kf4 54. Rg4+ Ke3 55. Rxd4 Kxd4 56. h4 Ke5 57. h5 Kf5 58. h6 Kg6 59. g4 Kh7 60. g5 Kg6 61. a4 Kh7 62. a5 Kg8 63. a6 Kh7 64. a7 Kg6 65. a8=Q Kh7 66. Qe4+ Kg8 67. h7# 1-0


[Site "https://www.chess.com"]

[Event "Titled Tuesday Blitz February 22 Late 2022"]
[White "Yordanov, Nikolay Plamenov"]
[Black "Carlsson, Ludvig"]
[WhiteFideId "2907445"]
[BlackFideId "1727010"]
[WhiteElo "2248"]
[BlackElo "2178"]
[Result "0-1"]
[Round "10"]
[TimeControl "180+1"]
[Date "2022.02.22"]
[WhiteClock "0:00:02"]
[BlackClock "0:00:52"]

1. d4 d5 2. Bf4 c6 3. e3 Qb6 4. b3 Nf6 5. Nf3 Bg4 6. Be2 Nbd7 7. O-O e6 8. h3 Bh5 9. c4 Be7 10. Nc3 O-O 11. c5 Qa5 12. Qd2 Rfe8 13. a3 Bf8 14. b4 Qd8 15. b5 Ne4 16. Nxe4 dxe4 17. Ne5 Bxe2 18. Qxe2 Nxe5 19. Bxe5 Qd5 20. Rfb1 f6 21. Bg3 e5 22. dxe5 fxe5 23. bxc6 bxc6 24. Rb7 Re7 25. Rb4 Rd7 26. Qg4 Bxc5 27. Rxe4 Re8 28. Kh2 Bf8 29. Rc1 Bxa3 30. Rb1 Bc5 31. Qf5 Rf7 32. Qg4 h5 33. Qg6 Re6 34. Rb8+ Bf8 35. Qxh5 Qxe4 36. Bh4 Rh6 0-1


[Site "https://www.chess.com"]

[Event "Titled Tuesday Blitz February 22 Late 2022"]
[White "Yuan, Qingyu"]
[Black "Bodnar, Nikolay"]
[WhiteFideId "8609772"]
[BlackFideId "14106469"]
[WhiteElo "2359"]
[BlackElo "2296"]
[Result "1-0"]
[Round "10"]
[TimeControl "180+1"]
[Date "2022.02.22"]
[WhiteClock "0:00:55"]
[BlackClock "0:00:03"]

1. Nf3 d5 2. g3 g6 3. Bg2 Bg7 4. O-O e5 5. d3 Ne7 6. c4 O-O 7. cxd5 Nxd5 8. Bg5 f6 9. Bd2 Be6 10. Nc3 Nxc3 11. bxc3 Nc6 12. Qa4 Rb8 13. Rfb1 Qd7 14. Be3 a6 15. Nd2 Bd5 16. Ne4 Qc8 17. Nxf6+ Bxf6 18. Bxd5+ Kg7 19. Bxc6 bxc6 20. Qxc6 h5 21. Ba7 Rxb1+ 22. Rxb1 Qg4 23. Rb7 Bd8 24. Qe4 Qe6 25. Bd4 Rf5 26. f4 Qxa2 27. Bxe5+ Kh6 28. Rb8 Bf6 29. Bxf6 Rxf6 30. Qe5 Qf7 31. Rc8 h4 32. g4 g5 33. fxg5+ Kh7 34. Qxf6 Qa2 35. Rh8# 1-0


[Site "https://www.chess.com"]

[Event "Titled Tuesday Blitz February 22 Late 2022"]
[White "Zeynalli, Rashad"]
[Black "Novikov, Evgenij"]
[WhiteFideId "13403320"]
[BlackFideId "4125380"]
[WhiteElo "2125"]
[BlackElo "2242"]
[Result "1-0"]
[Round "10"]
[TimeControl "180+1"]
[Date "2022.02.23"]
[WhiteClock "0:00:59"]
[BlackClock "0:00:03"]

1. e4 c6 2. d4 d6 3. Nc3 g6 4. Be3 b5 5. Qd2 Nf6 6. f3 a5 7. O-O-O Ba6 8. e5 Nd5 9. Nxd5 cxd5 10. exd6 e6 11. Bg5 f6 12. Bf4 b4 13. Qe3 Kf7 14. Re1 Bc8 15. h4 Bxd6 16. Nh3 Re8 17. Bxd6 Qxd6 18. Qh6 Kg8 19. h5 Qf8 20. Qxf8+ Kxf8 21. hxg6 hxg6 22. Nf4 Kg7 23. Bb5 Bd7 24. Bxd7 Nxd7 25. Nxe6+ Kg8 26. Nf4 Kg7 27. Nxd5 Rac8 28. Kd2 Nf8 29. Rxe8 Rxe8 30. Re1 Rd8 31. Re7+ Kh6 32. Nxf6 Rxd4+ 33. Ke3 Rc4 34. Ng4+ Kg5 35. g3 Rc5 36. Re5+ Rxe5+ 37. Nxe5 Ne6 38. Nc6 a4 39. Nxb4 Nc5 40. Nd3 a3 41. Nxc5 axb2 42. Ne4+ Kf5 43. Nc3 1-0


[Site "https://www.chess.com"]

[Event "Titled Tuesday Blitz February 22 Late 2022"]
[White "Zlatin, Alexander"]
[Black "Salimova, Nurgyul"]
[WhiteFideId "2810549"]
[BlackFideId "2915138"]
[WhiteElo "2228"]
[BlackElo "2185"]
[Result "0-1"]
[Round "10"]
[TimeControl "180+1"]
[Date "2022.02.23"]
[WhiteClock "0:00:03"]
[BlackClock "0:01:55"]

1. e4 c5 2. Nf3 Nc6 3. d4 cxd4 4. Nxd4 Nf6 5. Nc3 e5 6. Ndb5 d6 7. Bg5 a6 8. Na3 b5 9. Nd5 Be7 10. Bxf6 Bxf6 11. c3 O-O 12. Nc2 Bg5 13. a4 bxa4 14. Rxa4 a5 15. Bc4 Bd7 16. O-O Rb8 17. b3 Kh8 18. Nce3 g6 19. Ra2 f5 20. exf5 gxf5 21. f4 exf4 22. Nxf4 Qb6 23. Re2 Rbe8 24. Qd3 Re4 25. Nd5 Qc5 26. Kh1 Ne5 27. Qc2 Bxe3 28. Qxe4 fxe4 29. Rxf8+ Kg7 30. Rd8 Bg5 31. Rb8 Nxc4 32. bxc4 Qxc4 33. Re1 Qxd5 34. Rbb1 Bd2 35. Rf1 e3 36. Rf4 e2 0-1


[Site "https://www.chess.com"]

[Event "Titled Tuesday Blitz February 22 Late 2022"]
[White "Zong, Davis"]
[Black "Janaszak, Dawid"]
[WhiteFideId "30903955"]
[BlackFideId "1119206"]
[WhiteElo "2061"]
[BlackElo "2199"]
[Result "1/2-1/2"]
[Round "10"]
[TimeControl "180+1"]
[Date "2022.02.23"]
[WhiteClock "0:00:05"]
[BlackClock "0:00:09"]

1. e4 c5 2. Nf3 Nc6 3. d4 cxd4 4. Nxd4 g6 5. Nc3 Bg7 6. Be3 Nf6 7. f3 O-O 8. Qd2 d5 9. exd5 Nxd5 10. Nxc6 bxc6 11. Bd4 e5 12. Bc5 Rb8 13. Bxf8 Qxf8 14. Bc4 Bh6 15. Qe2 Rxb2 16. Bxd5 cxd5 17. Nxd5 Be6 18. Nf6+ Kh8 19. O-O Qc5+ 20. Kh1 Rxc2 21. Ne4 Qc6 22. Qd3 Bf4 23. Qd8+ Kg7 24. Rab1 Bd5 25. Rb8 Bxe4 26. fxe4 Qxe4 27. Qf8+ Kf6 28. Rg1 Rxg2 29. Rxg2 Qe1+ 30. Rg1 Qe4+ 31. Rg2 Qe1+ 32. Rg1 Qe4+ 33. Rg2 1/2-1/2


[Site "https://www.chess.com"]

[Event "Titled Tuesday Blitz February 22 Late 2022"]
[White "Andreikin, Dmitry"]
[Black "Gupta, Abhijeet"]
[WhiteFideId "4158814"]
[BlackFideId "5010608"]
[WhiteElo "2736"]
[BlackElo "2549"]
[Result "1-0"]
[Round "11"]
[TimeControl "180+1"]
[Date "2022.02.22"]
[WhiteClock "0:00:04"]
[BlackClock "0:00:10"]

1. d4 d5 2. c4 Nc6 3. Nf3 Bg4 4. cxd5 Bxf3 5. gxf3 Qxd5 6. e3 e5 7. Nc3 Bb4 8. Bd2 Bxc3 9. bxc3 Nge7 10. Bg2 Qd6 11. f4 exf4 12. e4 O-O 13. Qf3 Ng6 14. h4 Rad8 15. Rd1 Nge5 16. Qh3 Nc4 17. Bc1 f5 18. O-O fxe4 19. Bxe4 Rde8 20. Bf3 Ne7 21. Kh2 Nd5 22. Rg1 Nxc3 23. Rd3 Ne2 24. Rg5 Nxc1 25. Rc3 b5 26. Rxc1 Qxd4 27. Rcg1 Re7 28. Rxb5 Qxf2+ 29. Rg2 Qd4 30. Rb4 Kh8 31. Rc2 Rfe8 32. Rbxc4 Qd3 33. R4c3 Qd4 34. Qg2 Qf6 35. Qg5 Qxg5 36. hxg5 Re5 37. Rc5 Re3 38. Kg2 R8e5 39. Rxe5 Rxe5 40. Rxc7 Rxg5+ 41. Kf2 h5 42. Rxa7 Kh7 43. a4 Kh6 44. a5 g6 45. a6 Ra5 46. Ra8 g5 47. a7 Kg7 48. Bxh5 Ra2+ 49. Kf3 Ra3+ 50. Ke4 Ra4+ 51. Kf5 Ra5+ 52. Kg4 Kh7 53. Be8 Kg7 54. Bd7 Kh7 55. Bf5+ Kg7 56. Be4 Ra4 57. Kxg5 Rxe4 58. Rg8+ 1-0


[Site "https://www.chess.com"]

[Event "Titled Tuesday Blitz February 22 Late 2022"]
[White "Ansh M Shah"]
[Black "Borisova, Ekaterina"]
[WhiteFideId "25033379"]
[BlackFideId "34124184"]
[WhiteElo "1819"]
[BlackElo "2034"]
[Result "1-0"]
[Round "11"]
[TimeControl "180+1"]
[Date "2022.02.23"]
[WhiteClock "0:00:26"]
[BlackClock "0:00:01"]

1. d4 Nf6 2. c4 e6 3. Nf3 d5 4. g3 Be7 5. Bg2 O-O 6. O-O dxc4 7. Nbd2 c5 8. Nxc4 b5 9. Nce5 Bb7 10. Be3 Nd5 11. Bd2 Nb6 12. dxc5 Bxc5 13. Rc1 N8d7 14. Nxd7 Nxd7 15. Ba5 Bb6 16. Bxb6 Nxb6 17. Qb3 a6 18. Rfd1 Bd5 19. Qb4 Qb8 20. b3 Rc8 21. e4 Bc6 22. Nd4 Bb7 23. h4 Qe5 24. f4 Qf6 25. e5 Qg6 26. Bxb7 Qxg3+ 27. Bg2 Rxc1 28. Rxc1 Qe3+ 29. Kh2 Qxf4+ 30. Kh3 Qxc1 31. Bxa8 Nxa8 32. Qd6 Qc8 33. Nc6 Qe8 34. h5 h6 35. Ne7+ Kh8 36. Nc6 Qc8 37. Kg4 Qe8 38. Nb8 1-0


[Site "https://www.chess.com"]

[Event "Titled Tuesday Blitz February 22 Late 2022"]
[White "Aradhya, Garg"]
[Black "Sargsyan, Anna M."]
[WhiteFideId "25006746"]
[BlackFideId "13308130"]
[WhiteElo "2169"]
[BlackElo "2271"]
[Result "1-0"]
[Round "11"]
[TimeControl "180+1"]
[Date "2022.02.22"]
[WhiteClock "0:01:49"]
[BlackClock "0:01:35"]

1. d4 d5 2. c4 c6 3. Nf3 Nf6 4. Nc3 dxc4 5. e4 b5 6. Be2 e6 7. O-O Be7 8. a4 b4 9. e5 bxc3 10. exf6 Bxf6 11. bxc3 Ba6 12. Nd2 c5 13. Bf3 cxd4 14. Bxa8 dxc3 15. Ne4 Be5 16. Ba3 Qd3 17. Nc5 c2 18. Qh5 Qc3 19. Nxa6 g6 20. Qh4 Bf6 21. Qe4 1-0


[Site "https://www.chess.com"]

[Event "Titled Tuesday Blitz February 22 Late 2022"]
[White "Bauer, Thomas"]
[Black "Kohler, Aran"]
[WhiteFideId "1639293"]
[BlackFideId "1002856"]
[WhiteElo "2220"]
[BlackElo "2251"]
[Result "1-0"]
[Round "11"]
[TimeControl "180+1"]
[Date "2022.02.23"]
[WhiteClock "0:00:17"]
[BlackClock "0:00:15"]

1. e4 c5 2. b3 Nc6 3. Bb2 e6 4. Nf3 d5 5. exd5 exd5 6. Bb5 Qe7+ 7. Qe2 Qxe2+ 8. Kxe2 Be6 9. d4 Nf6 10. dxc5 Bxc5 11. Ba3 Bxa3 12. Nxa3 O-O 13. c3 Rfe8 14. Rhd1 Ne4 15. Rac1 a6 16. Bd3 Bg4 17. Kf1 Bxf3 18. gxf3 Nf6 19. Rd2 Re5 20. Rcd1 Rae8 21. Nc2 Rh5 22. Kg2 Rg5+ 23. Kh1 Nh5 24. Ne3 Nf4 25. Bf5 g6 26. Bg4 h5 27. h4 Rge5 28. Bd7 Rd8 29. Nxd5 Nxd5 30. Rxd5 Rxd5 31. Rxd5 Ne7 32. Rd4 Kg7 33. b4 b5 34. a4 bxa4 35. Bxa4 Rxd4 36. cxd4 Nf5 37. d5 Nxh4 38. f4 Kf6 39. Bd7 Ke7 40. Bc8 Nf3 41. Bxa6 Nd4 42. b5 Kd6 43. b6 Nf5 44. b7 Kc7 45. Kg2 Nd6 46. Kg3 Nxb7 47. f5 Nd6 48. fxg6 fxg6 49. Bd3 g5 50. Bg6 h4+ 51. Kg4 Nc4 52. Be4 Kd6 53. Kxg5 h3 54. Kh4 h2 55. Kh3 h1=Q+ 56. Bxh1 Nb6 57. Kg4 Ke5 58. f4+ Kf6 59. Be4 Nc4 60. Kf3 Nd6 61. Ke3 Ne8 62. Kd4 Nd6 63. Bd3 Ke7 64. Ke5 Nf7+ 65. Kf5 Nd6+ 66. Kg5 Nf7+ 67. Kg6 Nd6 68. Kg7 Ne8+ 69. Kh6 Nf6 70. Bc4 Kd6 71. Kg6 Ke7 72. d6+ Kxd6 73. Kxf6 Kc5 74. Ke5 Kxc4 75. f5 Kc5 76. f6 Kc6 77. f7 Kc5 78. f8=Q+ Kc4 79. Qd6 Kc3 80. Qd5 Kb4 81. Qd4+ Kb5 82. Qc3 Kb6 83. Kd6 Kb5 84. Qb3+ Ka5 85. Kc7 Ka6 86. Qb6# 1-0


[Site "https://www.chess.com"]

[Event "Titled Tuesday Blitz February 22 Late 2022"]
[White "Berdychevskaya, Natasha"]
[Black "P., Komal Kishore"]
[WhiteFideId "4159322"]
[BlackFideId "5016703"]
[WhiteElo "1780"]
[BlackElo "2051"]
[Result "0-1"]
[Round "11"]
[TimeControl "180+1"]
[Date "2022.02.23"]
[WhiteClock "0:00:01"]
[BlackClock "0:00:05"]

1. Nf3 d5 2. g3 Nf6 3. Bg2 Bf5 4. O-O e6 5. d4 c5 6. c4 Nc6 7. Qb3 Qb6 8. Qxb6 axb6 9. cxd5 exd5 10. Nc3 Be7 11. Rd1 c4 12. Bg5 O-O-O 13. Ne5 Rhf8 14. Rac1 h6 15. Bxf6 gxf6 16. Nxd5 fxe5 17. Nxb6+ Kb8 18. dxe5 Nxe5 19. f4 Ng4 20. Rxd8+ Rxd8 21. Nxc4 Bc5+ 22. Kf1 Nxh2+ 23. Ke1 Ng4 24. e4 Bb4+ 25. Ke2 Be6 26. e5 Bxc4+ 27. Rxc4 Rd2+ 28. Kf3 Nh2+ 29. Ke4 Rxb2 30. Kf5 Rxg2 31. Rxb4 Rxg3 32. Kf6 Ra3 33. Kxf7 Rxa2 34. e6 Re2 35. f5 Nf3 36. e7 Ne5+ 37. Kf8 Nd7+ 38. Kf7 Ne5+ 39. Kf8 Nc6 40. Rb3 Rxe7 41. f6 Re5 42. f7 Nd8 43. Rh3 Nxf7 44. Kxf7 h5 45. Kf6 Rc5 46. Ke6 b6 47. Kd6 Kb7 48. Rh4 Ka6 49. Rb4 Ka5 50. Rb1 h4 0-1


[Site "https://www.chess.com"]